 Dungeon Crawl Stone Soup version 0.21.1-1-g345015f (webtiles) character file.

2056 tidbits the Insei (level 9, 67/67 HPs)
             Began as a Gnoll Transmuter on Feb 14, 2018.
             Quit the game on level 6 of the Dungeon.
             The game lasted 00:24:43 (2233 turns).

tidbits the Insei (Gnoll Transmuter)                Turns: 2233, Time: 00:24:44

Health: 67/67      AC:  7    Str: 13    XL:     9   Next: 25%
Magic:  27/27      EV: 16    Int: 20    God:
Gold:   388        SH:  0    Dex: 16    Spells: 9/20 levels left

rFire    . . .     SeeInvis .   v - +2 dagger (venom)
rCold    + . .     Gourm    .   (no shield)
rNeg     . . .     Faith    .   B - +0 robe
rPois    .         Spirit   .   E - +0 helmet
rElec    .         Reflect  .   (no cloak)
rCorr    .         Harm     .   G - +0 pair of gloves
MR       .....                  F - +0 pair of boots
Stlth    +++.......             (no amulet)
HPRegen  0.21/turn              A - ring of protection from cold
MPRegen  0.20/turn              C - ring of magical power

@: no status effects
A: distributed training, fangs 1, iridescent scales 1, blink, clever 1,
MP-powered wands, strong nose
a: Blink


You were on level 6 of the Dungeon.
You were not hungry.

You visited 2 branches of the dungeon, and saw 9 of its levels.
You also visited: Ossuary.

You collected 388 gold pieces.

Inventory:

Hand Weapons
 e - a +0 dagger
 v - a +2 dagger of venom (weapon)
   (You took it off an orc wizard on level 4 of the Dungeon)
 w - a +0 war axe
 y - a +0 hunting sling
 M - a +0 long sword
Missiles
 a - 45 arrows
 f - 20 curare-tipped needles
 D - 31 sling bullets
 J - 6 tomahawks (quivered)
Armour
 b - a +1 ring mail of cold resistance
   (You found it on level 1 of the Dungeon)
 B - a +0 robe (worn)
 E - a +0 helmet (worn)
 F - a +0 pair of boots (worn)
 G - a +0 pair of gloves (worn)
Magical Staves
 L - an uncursed staff of fire {unknown}
   (You found it on level 8 of the Dungeon)
Jewellery
 A - a ring of protection from cold (left hand)
   (You found it on level 5 of the Dungeon)
 C - a ring of magical power (right hand)
   (You found it on level 6 of the Dungeon)
Wands
 j - a wand of flame (18)
 p - a wand of paralysis (7)
Scrolls
 h - a scroll of amnesia
 k - a scroll of immolation {unknown}
 n - 4 scrolls of random uselessness
 o - 3 scrolls of teleportation
 q - 3 scrolls of remove curse
 s - a scroll of noise {unknown}
 t - a scroll of enchant weapon {unknown}
 u - a scroll of holy word {unknown}
 I - a scroll of enchant armour
Potions
 g - 2 potions of berserk rage
 i - 3 potions of lignification
 l - 4 potions of flight
 m - 4 potions of curing
 x - a potion of magic
 z - 2 potions of agility
 H - a potion of invisibility
Books
 c - a book of Changes

   Spells                             Type                      Level
   a - Beastly Appendage              Transmutation                1
   b - Sticks to Snakes               Transmutation                2
   c - Spider Form                    Transmutation/Poison         3
   d - Ice Form                       Ice/Transmutation            4
   e - Blade Hands                    Transmutation                5
 K - a book of Misfortune
   (You found it on level 7 of the Dungeon)

   Spells                             Type                      Level
   a - Confusing Touch                Hexes                        1
   b - Confuse                        Hexes                        3
   c - Gell's Gravitas                Translocation                3
   d - Petrify                        Transmutation/Earth          4
   e - Metabolic Englaciation         Hexes/Ice                    5
   f - Yara's Violent Unravelling     Hexes/Transmutation          5
Comestibles
 d - 9 rations


   Skills:
 + Level 4.8 Fighting
 + Level 4.0 Short Blades
 + Level 4.0 Long Blades
 + Level 4.0 Axes
 + Level 4.0 Maces & Flails
 + Level 4.0 Polearms
 + Level 4.0 Staves
 + Level 4.0 Slings
 + Level 4.0 Bows
 + Level 4.0 Crossbows
 + Level 4.0 Throwing
 + Level 4.0 Armour
 + Level 6.1 Dodging
 + Level 4.0 Stealth
 + Level 4.0 Shields
 + Level 7.7 Unarmed Combat
 + Level 6.4 Spellcasting
 + Level 3.2 Conjurations
 + Level 3.2 Hexes
 + Level 3.2 Charms
 + Level 3.2 Summonings
 + Level 3.2 Necromancy
 + Level 3.2 Translocations
 + Level 5.1 Transmutations
 + Level 3.2 Fire Magic
 + Level 3.2 Ice Magic
 + Level 3.2 Air Magic
 + Level 3.2 Earth Magic
 + Level 3.2 Poison Magic
 + Level 4.4 Invocations
 + Level 4.0 Evocations


You had 9 spell levels left.
You knew the following spells:

 Your Spells              Type           Power        Failure   Level  Hunger
e - Beastly Appendage     Tmut           ####..       1%          1    None
h - Blade Hands           Tmut           ####......   32%         5    #####..
k - Sticks to Snakes      Tmut           ####....     1%          2    None
p - Spider Form           Tmut/Pois      ###.......   5%          3    ##.....


Dungeon Overview and Level Annotations

Branches:
Dungeon (8/15)             Temple (1/1) D:6
   Lair: D:8-11

Altars:
Ashenzari
Dithmenos
Elyvilon
Fedhas
Gozag
Hepliaklqana
Kikubaaqudgha
Makhleb
Nemelex Xobeh
Qazlal
Ru
Sif Muna
Trog
Uskayaw
Vehumet
Wu Jian
Xom
Zin
The Shining One
Beogh

Shops:
D:7 (


Innate Abilities, Weirdness & Mutations

Your experience applies equally to all skills.
You have very sharp teeth.
Your uncanny sense of smell can sniff out nearby items.
You are partially covered in iridescent scales. (AC +2)
You can translocate small distances at will.
Your mind is acute. (Int +2)
You expend magic power (3 MP) to strengthen your wands.


Message History

* * * LOW HITPOINT WARNING * * *
You bite something! Something completely misses you.
You hit something. Something hits you.
* * * LOW HITPOINT WARNING * * *
Something shocks you.
* * * LOW HITPOINT WARNING * * *
You bite something! Something hits you.
* * * LOW HITPOINT WARNING * * *
Something shocks you.
* * * LOW HITPOINT WARNING * * *
You feel much better. Something hits you. Something shocks you.
You bite something!
Your Short Blades skill increases to level 4!
Your Long Blades skill increases to level 4!
Your Axes skill increases to level 4!
Your Maces & Flails skill increases to level 4!
Your Polearms skill increases to level 4!
Your Staves skill increases to level 4!
Your Slings skill increases to level 4!
Your Bows skill increases to level 4!
Your Crossbows skill increases to level 4!
Your Throwing skill increases to level 4!
Your Armour skill increases to level 4!
Your Stealth skill increases to level 4!
Your Shields skill increases to level 4!
Your Evocations skill increases to level 4!
You feel a bit more experienced.
Unknown command.
There is a stone staircase leading up here.
There is a stone staircase leading up here.
You climb upwards.
There is a stone staircase leading down here.
Unknown command.
Found 23 bolts.
An ooze comes into view.
The ooze moves out of view.
You see here 23 bolts.
Your transformation is almost over.
Your transformation has ended.
Your +2 dagger of venom unmelds from your body.
Your +0 helmet unmelds from your body.
Your +0 pair of gloves unmelds from your body.
Your +0 pair of boots unmelds from your body.
Your +0 robe unmelds from your body.
Your +2 dagger of venom begins to drip with poison!
There is a stone staircase leading up here.
You climb upwards.
There is a stone staircase leading down here.
Unknown command.
You open the door.
There is an open door here.
Found an ivory wand and a scroll of magic mapping.
Found a leather armour.
A shadow imp comes into view.
Found 9 bolts.
You see here a wand of flame (18).
j - a wand of flame (18)
You see here a scroll of magic mapping.
As you read the scroll of magic mapping, it crumbles to dust.
You feel aware of your surroundings.
Unknown command.
All of the chunks of flesh in your inventory have rotted away.
You open the door.
Found a staircase to the Ecumenical Temple.
There is an open door here.
There is a staircase to the Ecumenical Temple here.
You climb downwards.
Welcome to the Ecumenical Temple!
Found a glowing golden altar of the Shining One.
There is a staircase back to the Dungeon here.
Unknown command.
Found a blossoming altar of Fedhas and a deep blue altar of Sif Muna.
Found a bloodstained altar of Trog.
Found a sacrificial altar of Ru and a hazy altar of Hepliaklqana.
Found an ancient bone altar of Kikubaaqudgha.
There is a bloodstained altar of Trog here.
There is a bloodstained altar of Trog here.
There is a staircase back to the Dungeon here.
Found a shimmering altar of Xom and a hide-covered altar of Uskayaw.
Found a sparkling altar of Nemelex Xobeh.
Found a glowing silver altar of Zin and a shattered altar of Ashenzari.
Found a white marble altar of Elyvilon.
There is a sparkling altar of Nemelex Xobeh here.
Okay, then.
HP restored.
There is a sparkling altar of Nemelex Xobeh here.
There is a staircase back to the Dungeon here.
You climb upwards.
Welcome back to the Dungeon!
There is a staircase to the Ecumenical Temple here.
Unknown command.
Unknown command.
There is an open door here.
Found 9 gold pieces.
Found a scroll of identify.
You see here a scroll of identify.
As you read the scroll of identify, it crumbles to dust.
I - a scroll of enchant armour Are you sure you want to abandon this character and quit the game? (Confirm with "yes".)

.#........#....[.................
.#........#......................
.#........#......................
*#...##...#......................
*#...**...#......................
,....*,...#......................
.....+,...#..$...................
,,,,,*,,,,+......##############..
,,,,,*,,,,#.....@#.>..........#..
**,,,**,,,#......#............#.<
**,,,****+#......#............#..
*,,,,,,,,,#......#............#..
+,,,,,,,,,#......#............#..
*,,,,,,,,,#......##########...#..
*,,,,,,,,,#......#,,,,##.##.>.#..
*,,,,,,,∆,#......#,,,.........#..
*,,,,,,,,,#......#,,,.........#..


There were no monsters in sight!

Vanquished Creatures
  Joseph (D:7)
  Duvessa (D:5)
  2 sky beasts
  An orc warrior (D:6)
  An ogre (D:7)
  2 centaurs
  A big kobold (D:7)
  3 bullfrogs
  Dowan (D:5)
  A scorpion (D:4)
  4 killer bees (D:7)
  3 howler monkeys (D:7)
  2 orc priests
  2 orc wizards (D:4)
  An iguana (D:6)
  Jessica (D:7)
  Natasha (D:2)
  2 worker ants
  A big kobold zombie (Ossuary)
  A hound zombie (D:7)
  3 mummies (Ossuary)
  2 adders
  A shadow imp (D:5)
  An adder zombie (D:6)
  3 leopard geckos
  2 orcs
  3 giant cockroaches
  4 hobgoblins
  7 jackals
  2 quokkas
  2 bats
  7 frilled lizards
  4 kobolds
  3 rats
76 creatures vanquished.

Vanquished Creatures (collateral kills)
  An ogre (D:3)
  A hound (D:4)
  A centaur skeleton (D:6)
  2 mummies (Ossuary)
  A dart slug (D:2)
  A giant cockroach (D:6)
7 creatures vanquished.

Grand Total: 83 creatures vanquished

Notes
Turn   | Place    | Note
-------+----------+-------------------------------------------
     0 | D:1      | tidbits the Gnoll Transmuter began the quest for the Orb.
     0 | D:1      | Reached XP level 1. HP: 17/17 MP: 6/6
   103 | D:1      | Reached XP level 2. HP: 23/23 MP: 5/7
   107 | D:1      | Learned a level 2 spell: Sticks to Snakes
   232 | D:2      | Noticed Natasha
   232 | D:2      | Noticed an ogre
   244 | D:3      | Killed an ogre
   244 | D:3      | Reached skill level 1 in Short Blades
   244 | D:3      | Reached skill level 1 in Long Blades
   244 | D:3      | Reached skill level 1 in Axes
   244 | D:3      | Reached skill level 1 in Maces & Flails
   244 | D:3      | Reached skill level 1 in Polearms
   244 | D:3      | Reached skill level 1 in Staves
   244 | D:3      | Reached skill level 1 in Slings
   244 | D:3      | Reached skill level 1 in Bows
   244 | D:3      | Reached skill level 1 in Crossbows
   244 | D:3      | Reached skill level 1 in Throwing
   244 | D:3      | Reached skill level 1 in Armour
   244 | D:3      | Reached skill level 1 in Stealth
   244 | D:3      | Reached skill level 1 in Shields
   244 | D:3      | Reached skill level 5 in Spellcasting
   244 | D:3      | Reached skill level 1 in Invocations
   244 | D:3      | Reached skill level 1 in Evocations
   244 | D:3      | Reached XP level 3. HP: 5/28 MP: 4/9
   244 | D:3      | Reached XP level 4. HP: 6/34 MP: 4/11
   249 | D:3      | Learned a level 3 spell: Spider Form
   372 | D:4      | Found a sand-covered staircase.
   390 | Ossuary  | Entered an ossuary
   457 | Ossuary  | Reached skill level 1 in Conjurations
   457 | Ossuary  | Reached skill level 1 in Hexes
   457 | Ossuary  | Reached skill level 1 in Charms
   457 | Ossuary  | Reached skill level 1 in Summonings
   457 | Ossuary  | Reached skill level 1 in Necromancy
   457 | Ossuary  | Reached skill level 1 in Translocations
   457 | Ossuary  | Reached skill level 1 in Fire Magic
   457 | Ossuary  | Reached skill level 1 in Ice Magic
   457 | Ossuary  | Reached skill level 1 in Air Magic
   457 | Ossuary  | Reached skill level 1 in Earth Magic
   457 | Ossuary  | Reached skill level 1 in Poison Magic
   470 | Ossuary  | Reached XP level 5. HP: 40/40 MP: 5/12
   488 | Ossuary  | Reached skill level 3 in Fighting
   561 | Ossuary  | this ossuary has a big loot for low danger
   627 | D:4      | Found a roughly hewn altar of Beogh.
   639 | D:4      | Reached skill level 4 in Transmutations
   653 | D:4      | Reached XP level 6. HP: 47/47 MP: 10/13
   658 | D:4      | Reached skill level 2 in Invocations
   683 | D:4      | Learned a level 5 spell: Blade Hands
   727 | D:4      | Found a radiant altar of Vehumet.
   901 | D:2      | Found a burning altar of Makhleb.
   903 | D:2      | Found an opulent altar of Gozag.
   903 | D:2      | Found an ornate altar of the Wu Jian Council.
   903 | D:2      | Found a stormy altar of Qazlal.
   932 | D:2      | Killed Natasha
   932 | D:2      | Reached skill level 5 in Dodging
   947 | D:1      | Reached skill level 2 in Short Blades
   947 | D:1      | Reached skill level 2 in Long Blades
   947 | D:1      | Reached skill level 2 in Axes
   947 | D:1      | Reached skill level 2 in Maces & Flails
   947 | D:1      | Reached skill level 2 in Polearms
   947 | D:1      | Reached skill level 2 in Staves
   947 | D:1      | Reached skill level 2 in Slings
   947 | D:1      | Reached skill level 2 in Bows
   947 | D:1      | Reached skill level 2 in Crossbows
   947 | D:1      | Reached skill level 2 in Throwing
   947 | D:1      | Reached skill level 2 in Armour
   947 | D:1      | Reached skill level 2 in Stealth
   947 | D:1      | Reached skill level 2 in Shields
   947 | D:1      | Reached skill level 2 in Evocations
   981 | D:2      | You fall through a shaft for 2 floors!
   998 | D:5      | Entered Level 5 of the Dungeon
  1132 | D:6      | Noticed a sky beast
  1148 | D:5      | Noticed Duvessa
  1148 | D:5      | Noticed Dowan
  1168 | D:5      | Killed Duvessa
  1168 | D:5      | Reached XP level 7. HP: 38/52 MP: 12/15
  1176 | D:5      | Killed Dowan
  1176 | D:5      | Reached skill level 7 in Unarmed Combat
  1262 | D:5      | Found a shadowy altar of Dithmenos.
  1333 | D:6      | Reached skill level 2 in Conjurations
  1333 | D:6      | Reached skill level 2 in Hexes
  1333 | D:6      | Reached skill level 2 in Charms
  1333 | D:6      | Reached skill level 2 in Summonings
  1333 | D:6      | Reached skill level 2 in Necromancy
  1333 | D:6      | Reached skill level 2 in Translocations
  1333 | D:6      | Reached skill level 2 in Fire Magic
  1333 | D:6      | Reached skill level 2 in Ice Magic
  1333 | D:6      | Reached skill level 2 in Air Magic
  1333 | D:6      | Reached skill level 2 in Earth Magic
  1333 | D:6      | Reached skill level 2 in Poison Magic
  1496 | D:6      | Gained mutation: You tend to lose your temper in combat. [potion of mutation]
  1496 | D:6      | Gained mutation: You are weak. (Str -2) [potion of mutation]
  1496 | D:6      | Gained mutation: You are somewhat resistant to further mutation. [potion of mutation]
  1510 | D:6      | Reached skill level 3 in Invocations
  1606 | D:7      | Reached XP level 8. HP: 60/60 MP: 16/16
  1646 | D:7      | Noticed Jessica
  1648 | D:7      | Reached skill level 4 in Fighting
  1648 | D:7      | Reached skill level 3 in Short Blades
  1648 | D:7      | Reached skill level 3 in Long Blades
  1648 | D:7      | Reached skill level 3 in Axes
  1648 | D:7      | Reached skill level 3 in Maces & Flails
  1648 | D:7      | Reached skill level 3 in Polearms
  1648 | D:7      | Reached skill level 3 in Staves
  1648 | D:7      | Reached skill level 3 in Slings
  1648 | D:7      | Reached skill level 3 in Bows
  1648 | D:7      | Reached skill level 3 in Crossbows
  1648 | D:7      | Reached skill level 3 in Throwing
  1648 | D:7      | Reached skill level 3 in Armour
  1648 | D:7      | Reached skill level 3 in Stealth
  1648 | D:7      | Reached skill level 3 in Shields
  1648 | D:7      | Reached skill level 3 in Evocations
  1651 | D:7      | Killed Jessica
  1667 | D:7      | Found Igey's Antique Weapon Emporium.
  1708 | D:7      | Reached skill level 6 in Spellcasting
  1714 | D:7      | Noticed Joseph
  1753 | D:7      | Killed Joseph
  1753 | D:7      | Reached skill level 3 in Conjurations
  1753 | D:7      | Reached skill level 3 in Hexes
  1753 | D:7      | Reached skill level 3 in Charms
  1753 | D:7      | Reached skill level 3 in Summonings
  1753 | D:7      | Reached skill level 3 in Necromancy
  1753 | D:7      | Reached skill level 3 in Translocations
  1753 | D:7      | Reached skill level 3 in Fire Magic
  1753 | D:7      | Reached skill level 3 in Ice Magic
  1753 | D:7      | Reached skill level 3 in Air Magic
  1753 | D:7      | Reached skill level 3 in Earth Magic
  1753 | D:7      | Reached skill level 3 in Poison Magic
  1753 | D:7      | Reached skill level 4 in Invocations
  1753 | D:7      | Reached XP level 9. HP: 36/66 MP: 18/18
  1799 | D:7      | Lost mutation: You are somewhat resistant to further mutation. [potion of mutation]
  1799 | D:7      | Lost mutation: You tend to lose your temper in combat. [potion of mutation]
  1799 | D:7      | Lost mutation: You are weak. (Str -2) [potion of mutation]
  1799 | D:7      | Gained mutation: You are partially covered in iridescent scales. (AC +2) [potion of mutation]
  1799 | D:7      | Gained mutation: You can translocate small distances at will. [potion of mutation]
  1799 | D:7      | Gained mutation: You expend magic power (3 MP) to strengthen your wands. [potion of mutation]
  1799 | D:7      | Gained mutation: Your mind is acute. (Int +2) [potion of mutation]
  1820 | D:7      | Reached skill level 6 in Dodging
  1867 | D:7      | Reached skill level 5 in Transmutations
  2054 | D:8      | Reached skill level 4 in Short Blades
  2054 | D:8      | Reached skill level 4 in Long Blades
  2054 | D:8      | Reached skill level 4 in Axes
  2054 | D:8      | Reached skill level 4 in Maces & Flails
  2054 | D:8      | Reached skill level 4 in Polearms
  2054 | D:8      | Reached skill level 4 in Staves
  2054 | D:8      | Reached skill level 4 in Slings
  2054 | D:8      | Reached skill level 4 in Bows
  2054 | D:8      | Reached skill level 4 in Crossbows
  2054 | D:8      | Reached skill level 4 in Throwing
  2054 | D:8      | Reached skill level 4 in Armour
  2054 | D:8      | Reached skill level 4 in Stealth
  2054 | D:8      | Reached skill level 4 in Shields
  2054 | D:8      | Reached skill level 4 in Evocations
  2134 | D:6      | Found a staircase to the Ecumenical Temple.
  2139 | Temple   | Entered the Ecumenical Temple
  2233 | D:6      | Quit the game

Skill      XL: |  1  2  3  4  5  6  7  8  9 |
---------------+----------------------------+-----
Short Blades   | 1 2 3 4 |  4.0
Long Blades    | 1 2 3 4 |  4.0
Axes           | 1 2 3 4 |  4.0
Maces & Flails | 1 2 3 4 |  4.0
Polearms       | 1 2 3 4 |  4.0
Staves         | 1 2 3 4 |  4.0
Slings         | 1 2 3 4 |  4.0
Bows           | 1 2 3 4 |  4.0
Crossbows      | 1 2 3 4 |  4.0
Throwing       | 1 2 3 4 |  4.0
Armour         | 1 2 3 4 |  4.0
Stealth        | 1 2 3 4 |  4.0
Shields        | 1 2 3 4 |  4.0
Spellcasting   | 5 6 |  6.4
Invocations    | 1 2 3 4 |  4.4
Evocations     | 1 2 3 4 |  4.0
Conjurations   | 1 2 3 |  3.2
Hexes          | 1 2 3 |  3.2
Charms         | 1 2 3 |  3.2
Summonings     | 1 2 3 |  3.2
Necromancy     | 1 2 3 |  3.2
Translocations | 1 2 3 |  3.2
Fire Magic     | 1 2 3 |  3.2
Ice Magic      | 1 2 3 |  3.2
Air Magic      | 1 2 3 |  3.2
Earth Magic    | 1 2 3 |  3.2
Poison Magic   | 1 2 3 |  3.2
Fighting       | 3 4 |  4.8
Transmutations | 4 5 |  5.1
Dodging        | 5 6 |  6.1
Unarmed Combat | 7 |  7.7

Action                   |  1- 3 |  4- 6 |  7- 9 || total
-------------------------+-------+-------+-------++-------
Melee: Unarmed           |    21 |    97 |   100 ||   218
       Kick              |     6 |       |       ||     6
       Bite              |     2 |       |     2 ||     4
       Dagger            |       |       |    53 ||    53
       Punch             |       |       |     1 ||     1
Throw: Tomahawk          |       |       |     6 ||     6
 Cast: Beastly Appendage |     4 |     1 |       ||     5
       Sticks to Snakes  |     1 |     6 |    10 ||    17
       Spider Form       |       |    13 |    13 ||    26
  Use: Scroll            |     1 |     7 |     6 ||    14
       Potion            |       |     4 |     8 ||    12
 Stab: Sleeping          |     1 |     2 |     2 ||     5
       Invisible         |       |       |     1 ||     1
  Eat: Chunk             |       |     1 |     5 ||     6
Armor: Robe              |     1 |     1 |       ||     2
       Skin              |       |    14 |    32 ||    46
Dodge: Dodged            |    18 |    64 |   104 ||   186

Table legend:
 A = Turns spent in this place as a percentage of turns spent in the entire game.
 B = Non-inter-level travel turns spent in this place as a percentage of non-inter-level travel turns spent in the entire game.
 C = Inter-level travel turns spent in this place as a percentage of turns spent in this place.
 D = Turns resting spent in this place as a percentage of non-inter-level travel turns spent in this place.
 E = Turns spent auto-exploring this place as a percentage of non-inter-level travel turns spent in this place.
 F = Non-inter-level travel turns spent in this place divided by the number of levels of this place that you've seen.
                   A       B       C       D       E      F
               +-------+-------+-------+-------+-------+----------------------
         Total | 100.0 | 100.0 |   3.4 |   0.0 |   0.0 | 215.8
       Dungeon |  88.8 |  89.2 |   3.0 |   0.0 |   0.0 | 240.5
        Temple |   2.8 |   2.2 |  24.2 |   0.0 |   0.0 |  47.0
       Ossuary |   8.4 |   8.7 |   0.0 |   0.0 |   0.0 | 187.0
               +-------+-------+-------+-------+-------+----------------------

Table legend:
 A = Kills in this place as a percentage of kills in entire the game.
 B = Kills by you in this place as a percentage of kills by you in the entire game.
 C = Kills by friends in this place as a percentage of kills by friends in the entire game.
 D = Other kills in this place as a percentage of other kills in the entire game.
 E = Experience gained in this place as a percentage of experience gained in the entire game.
 F = Experience gained in this place divided by the number of levels of this place that you have seen.
                   A       B       C       D       E      F
               +-------+-------+-------+-------+-------+----------------------
         Total | 100.0 | 100.0 | 100.0 |   N/A | 100.0 | 293.8
       Dungeon |  92.8 |  94.7 |  71.4 |   N/A |  96.5 | 354.5
       Ossuary |   7.2 |   5.3 |  28.6 |   N/A |   3.5 | 102.0
               +-------+-------+-------+-------+-------+----------------------

Vault maps used:
D:1:      giann_forest_graveyard, hangedman_decor_opposing, kennysheep_boxes
D:2:      grunt_temple_overflow_open, uniq_natasha
D:3:      cheibriados_altar_1, first_ration, okawaru_metal_pillars_1_2,
          uniq_ijyb
D:4:      vehumet_altar_wand_db, nicolae_ossuary_entry_plus,
          hangedman_abyss_or_decor_stagger, kennysheep_orc_chapel
D:5:      grunt_dithmenos_shadows, minmay_a_box_with_orc_wizards_in_it,
          uniq_duvessa
D:6:      temple_doors_ab
D:7:      serial_shops, shop, nemelex_lonely_heart_becter, uniq_joseph
Temple:   dshaligram_water_room_temple
Ossuary:  ossuary_crypta
